AoeStats
← vR-MrReD

Black Forest

511409276Analyzed
4v4 RM · 13d ago on Oct 4, 2026· 53m 20s· 8 players
Game mode
Random Map
Map size
Large (8 player)
Population
200
Speed
Normal
Resources
Standard
Victory
Conquest
Starting age
Dark Age
Ending age
Imperial Age
RankedLock teamsTeams togetherTeam positionsShared explorationLock speedFull tech treeHidden civsTurbo modeCheats
Victory
Defeat
🇩🇪 Dravidians · Germany
1463
+12
🇩🇪 Burmese · Germany
1442
+13
🇳🇱 Cumans · Netherlands
1386
+15
🇦🇷 Japanese · Argentina
1375
+16
vs
🇺🇾 Bengalis · Uruguay
1449
-16
🇦🇷 Sicilians · Argentina
1425
-16
🇦🇷 Huns · Argentina
1324
-12
🇦🇺 Spanish · Australia
1311
-12
Goen
7:55 Loom
9:45 Feudal Age
10:36 Double-Bit Axe
10:45 Horse Collar
21:02 Wheelbarrow
22:51 Castle Age
23:01 Castle Age
25:38 Hand Cart
25:16 Fishing Lines
27:35 Loom
30:41 Imperial Age
30:48 Imperial Age
28:30 Gold Mining
28:31 Stone Mining
28:43 Heavy Plow
28:53 Loom
29:43 Scale Barding Armor
29:48 Forging
29:52 Bow Saw
31:26 Chain Barding Armor
32:06 Iron Casting
30:55 Cavalier
31:45 Bloodlines
32:50 Conscription
33:27 Plate Barding Armor
32:15 Paladin
33:35 Town Watch
33:35 Capped Ram
35:14 Fletching
36:28 Blast Furnace
35:52 Bodkin Arrow
36:11 Masonry
35:53 Onager
37:19 Padded Archer Armor
38:22 Chemistry
37:59 Hoardings
37:57 Caravan
39:19 Two-Man Saw
38:56 Crop Rotation
39:52 Town Patrol
41:24 Elite Skirmisher
42:24 Leather Archer Armor
46:17 Thumb Ring
46:44 Ring Archer Armor
vR-MrReD
7:37 Loom
8:12 Loom
11:53 Feudal Age
15:30 Castle Age
14:30 Fishing Lines
14:45 Double-Bit Axe
18:03 Wheelbarrow
18:48 Bow Saw
23:35 Fishing Lines
24:24 Horse Collar
24:36 Gold Mining
25:11 Gillnets
26:13 Fletching
26:24 Padded Archer Armor
26:46 Hand Cart
27:49 Bodkin Arrow
28:09 Leather Archer Armor
28:03 Thumb Ring
33:24 Imperial Age
32:25 Ballistics
33:35 Scale Mail Armor
33:45 Forging
33:59 Fortified Wall
35:13 Two-Man Saw
34:17 Heavy Plow
34:09 Stone Mining
34:01 Elite Elephant Archer
34:44 Bracer
35:14 Ring Archer Armor
35:46 Chemistry
34:42 Pikeman
35:23 Squires
35:08 Arson
35:48 Town Watch
35:45 Halberdier
36:45 Chain Mail Armor
37:06 Iron Casting
38:41 Medical Corps
38:57 Conscription
39:31 Caravan
40:01 Coinage
42:35 Plate Mail Armor
43:06 Blast Furnace
43:42 Banking
43:31 Siege Elephant
44:24 Man-at-Arms
44:50 Gambesons
45:43 Town Patrol
45:11 Long Swordsman
46:34 Two-Handed Swordsman
47:12 Champion
52:27 Wootz Steel
sunSmit
6:52 Loom
9:46 Feudal Age
10:06 Man-at-Arms
14:06 Horse Collar
20:57 Castle Age
19:50 Fletching
21:45 Long Swordsman
22:26 Squires
24:55 Scale Mail Armor
26:17 Forging
27:29 Chain Mail Armor
27:37 Gambesons
35:10 Iron Casting
34:54 Pikeman
39:53 Wheelbarrow
39:21 Heavy Plow
39:12 Gold Mining
39:21 Stone Mining
40:29 Gold Shaft Mining
41:58 Hand Cart
46:40 Imperial Age
46:45 Caravan
47:15 Coinage
47:31 Bloodlines
47:22 Husbandry
47:56 Plate Mail Armor
48:27 Blast Furnace
47:33 Two-Handed Swordsman
49:37 Champion
51:07 Capped Ram
53:04 Blast Furnace
52:17 Masonry
52:13 Siege Engineers
MHT. Nahuel 047
1:46 Loom
12:56 Feudal Age
17:03 Castle Age
15:04 Double-Bit Axe
15:19 Horse Collar
Szpilman
0:45 Loom
10:57 Feudal Age
16:41 Castle Age
15:35 Double-Bit Axe
16:00 Horse Collar
23:00 Wheelbarrow
22:48 Town Watch
25:59 Bow Saw
28:19 Fishing Lines
29:14 Hand Cart
32:11 Imperial Age
29:46 Gold Mining
30:15 Fletching
31:12 Bodkin Arrow
31:53 Padded Archer Armor
33:35 Conscription
35:13 Paiks
35:22 Elite Elephant Archer
36:03 Bracer
36:19 Leather Archer Armor
37:05 Chemistry
36:25 Ballistics
37:42 Sanctity
37:33 Fervor
37:39 Block Printing
38:31 Ring Archer Armor
42:52 Husbandry
43:03 Bloodlines
43:00 Scale Barding Armor
47:32 Light Cavalry
48:35 Chain Barding Armor
48:26 Forging
48:32 Siege Elephant
| ArCas | Ahsoka Tano
0:26 Loom
0:26 Loom
11:49 Feudal Age
20:31 Castle Age
22:27 Horse Collar
27:11 Double-Bit Axe
28:25 Forging
46:52 Heavy Plow
50:58 Fletching
Rockl
8:47 Loom
11:04 Feudal Age
16:24 Castle Age
15:00 Double-Bit Axe
15:25 Fishing Lines
17:21 Bow Saw
18:56 Gillnets
20:17 Horse Collar
23:05 Wheelbarrow
22:16 Town Watch
24:34 Heavy Plow
24:26 Gold Mining
24:26 Stone Mining
26:16 Hand Cart
26:55 Caravan
30:50 Imperial Age
28:34 Scale Barding Armor
28:40 Forging
28:20 Fletching
29:54 Chain Barding Armor
30:16 Bloodlines
30:07 Husbandry
31:49 Iron Casting
31:57 Gold Shaft Mining
30:56 Cavalier
32:24 Plate Barding Armor
33:52 Blast Furnace
34:05 Conscription
33:31 Paladin
33:34 Light Cavalry
35:44 Marauders
38:14 Chemistry
37:48 Sanctity
39:28 Padded Archer Armor
39:23 Bodkin Arrow
40:04 Ballistics
41:39 Hussar
42:10 Elite Skirmisher
44:21 Leather Archer Armor
45:57 Two-Man Saw
45:41 Parthian Tactics
45:17 Bracer
47:12 Thumb Ring
47:23 Masonry
47:33 Ballistics
48:55 Scale Mail Armor
50:59 Pikeman
51:40 Squires
DreamStolen
12:15 Feudal Age
16:29 Castle Age
14:23 Horse Collar
14:29 Double-Bit Axe
22:25 Bloodlines
25:05 Wheelbarrow
25:26 Heavy Plow
25:43 Bow Saw
27:49 Hand Cart
27:59 Scale Barding Armor
28:06 Forging
28:00 Husbandry
29:08 Caravan
29:44 Chain Barding Armor
33:05 Iron Casting
35:47 Imperial Age
35:56 Cavalier
37:15 Plate Barding Armor
37:41 Blast Furnace
36:04 Light Cavalry
37:45 Paladin
39:30 Fletching
39:41 Padded Archer Armor
39:58 Thumb Ring
39:17 Hussar
39:20 Elite Skirmisher
41:13 Bodkin Arrow
41:34 Leather Archer Armor
42:21 Two-Man Saw
42:33 Bracer
43:39 Chemistry
44:45 Ring Archer Armor
Connection lost

Rejoining the realm…

Still unreachable

The connection could not be restored.

Session expired

The server has moved on; the page needs a fresh start.